 Seeded DCSS version 0.30.0-18-gc0e69614cb (webtiles) character file.

Game seed: 4126716914715139637 (custom seed)

434 browni3141 the Trooper (level 7, -3/79 HPs)
             Began as an Ogre Warper on May 24, 2023.
             Killed from afar by an orc wizard (7 damage)
             ... with a puff of flame
             ... on level 5 of the Dungeon.
             The game lasted 00:04:17 (3099 turns).

browni3141 the Trooper (Ogre Warper)                Turns: 3099, Time: 00:04:18

Health: -3/79      AC: -3    Str: 18    XL:     7   Next: 0%
Magic:  10/10      EV:  9    Int: 14    God:
Gold:   194        SH:  0    Dex:  8    Spells: 10/10 levels left

rFire   . . .        a - +1 demon whip (elec)
rCold   . . .        (no shield)
rNeg    . . .        W - +0 robe
rPois   +            (helmet restricted)
rElec   .            N - +1 cloak of the Doldrums {rPois}
rCorr   .            (gloves unavailable)
SInv    .            (boots unavailable)
Will    .....        S - amulet of regeneration
Stlth   +            (no ring)
HPRegen 1.13/turn    (no ring)
MPRegen 0.12/turn

%: no passive effects
@: corroded
A: large, unfitting armour, tough skin 1
a: no special abilities


You were on level 5 of the Dungeon.
You visited 1 branch of the dungeon, and saw 5 of its levels.

You collected 194 gold pieces.

Inventory:

Hand Weapons
 a - a +1 demon whip of electrocution (weapon)
 b - a +2 shortbow of freezing
 E - a +2 heavy mace
 X - a +0 mace
Missiles
 J - 8 poisoned darts
 T - 7 boomerangs of dispersal (quivered)
 Y - 4 large rocks
Armour
 G - a scarf of invisibility
 N - the +1 cloak of the Doldrums (worn) {rPois}
   (You acquired it on level 4 of the Dungeon)

   rPois:     It protects you from poison.
 W - a +0 robe (worn)
Jewellery
 S - an amulet of regeneration (around neck)
Scrolls
 c - a scroll of blinking
 r - a scroll of identify
 I - a scroll of noise {unknown}
 L - a scroll of brand weapon {unknown}
 M - 2 scrolls of amnesia {unknown}
 O - a scroll of magic mapping {unknown}
 P - a scroll of poison
 R - 2 scrolls of enchant armour
 U - a scroll of fear
 Z - a scroll of immolation {unknown}
Potions
 C - 7 potions of curing
 F - a potion of might {unknown}
 H - a potion of magic {unknown}
 K - 2 potions of ambrosia {unknown}
 Q - 2 potions of attraction {unknown}
 V - a potion of invisibility {unknown}


   Skills:
 * Level 7.9 Fighting
 + Level 3.9 Maces & Flails
 - Level 1.1 Throwing
 - Level 2.1 Dodging
 - Level 2.4 Spellcasting
 - Level 2.7 Translocations


You had 10 spell levels left.
You didn't know any spells.
Your spell library contained the following spells:

 Spells                   Type           Power      Damage    Failure   Level
 Blink                    Tloc           18%        N/A       12%         2
 Lesser Beckoning         Tloc           18%        N/A       12%         2
 Freeze                   Ice            4%         1d3       22%         1
 Shock                    Conj/Air       4%         1d3       22%         1
 Teleport Other           Tloc           9%         N/A       22%         3
 Portal Projectile        Hex/Tloc       10%        N/A       36%         3
 Vhi's Electric Charge    Tloc/Air       10%        N/A       36%         3
 Frozen Ramparts          Ice            2%         1d1       56%         3
 Hailstorm                Conj/Ice       1%         3d3       56%         3
 Swiftness                Air            1%         N/A       56%         3
 Tukima's Dance           Hex            1%         N/A       56%         3
 Manifold Assault         Tloc           9%         N/A       58%         4
 Airstrike                Air            0%         2d(1-17)  92%         4
 Arcjolt                  Conj/Air       0%         1d10      99%         5
 Blade Hands              Tmut           0%         N/A       99%         5
 Plasma Beam              Fire/Air       0%         2x1d11    100%        6


Dungeon Overview and Level Annotations

Branches:
Dungeon (5/15)
 Temple: D:4-7

Altars:
Cheibriados


Innate Abilities, Weirdness & Mutations

You are too large for most types of armour.
You have tough skin. (AC +1)


Message History

Key pressed, stopping explore.
Done exploring.
Done exploring.
Done exploring.
Done exploring.
There is an open door here.
There is a stone staircase leading down here.
You climb downwards.
There is a stone staircase leading up here.
An orc comes into view. It is wielding a +0 short sword.
Found a long sword.
Found a stone staircase leading down.
An orc is nearby!
An orc is nearby!
An orc is nearby! 2 orcs come into view.
The orc shouts!
An orc wizard comes into view. It is wielding a +0 dagger.
An orc comes into view. It is wielding a +0 trident.
The orc moves out of view.
The orc wizard shouts!
You closely miss the orc. You barely miss the orc.
A centaur comes into view.
The orc wizard gestures wildly while chanting.
The orc wizard flickers and vanishes!
Deactivating autopickup; reactivate with Ctrl-A.
The centaur shouts!
You whack the orc!
You kill the orc!
You closely miss the orc. The orc hits you but does no damage.
A jelly comes into view.
The orc hits you from afar with a +0 trident.
You whack the orc!
You kill the orc!
The orc hits you from afar with a +0 trident.
You whack the orc! Lightning courses through the orc!
You kill the orc!
The centaur wields a +0 shortbow.
The centaur shoots an arrow.
The arrow misses you. The orc barely misses you.
You hear some strange, mumbled words.
Something tries to affect you, but you resist.
The centaur unwields a +0 shortbow.
The centaur closely misses you.
The centaur kicks you but does no damage.
The orc barely misses you. Something hits you but does no damage.
Items here: ))) [ ††.
You barely miss the centaur.
The centaur hits you but does no damage.
The centaur barely misses you. The orc hits you but does no damage.
Something hits you. The centaur hits you.
The centaur kicks you but does no damage.
You whack the centaur! Lightning courses through the centaur!
You kill the centaur!
The orc barely misses you. Something hits you.
You hit the jelly.
Your hands burn!
The jelly is moderately wounded.
The orc barely misses you. The jelly hits you but does no damage.
Something hits you.
The orc hits you from afar with a +0 trident.
You are too injured to fight recklessly!
You are too injured to fight recklessly!
You are too injured to fight recklessly!
You whack the jelly! The acid corrodes you!
Your hands burn!
The jelly is severely wounded.
The orc closely misses you. The jelly barely misses you.
You hit the jelly. The acid corrodes you!
Your hands burn!
The jelly is almost dead.
The orc barely misses you. The jelly closely misses you.
You hit the jelly.
You kill the jelly!
You have reached level 7!
The orc hits you with a +0 trident! Something hits you.
Items here: ))) [ ††.
You closely miss something. The orc hits you with a +0 trident.
* * * LOW HITPOINT WARNING * * *
Something hits you.
* * * LOW HITPOINT WARNING * * *
You miss something.
A hound comes into view.
The orc barely misses you. Something hits you.
* * * LOW HITPOINT WARNING * * *
You hit the orc.
The orc is moderately wounded.
The orc hits you with a +0 trident!
* * * LOW HITPOINT WARNING * * *
Something hits you.
* * * LOW HITPOINT WARNING * * *
The orc hits you from afar with a +0 trident.
* * * LOW HITPOINT WARNING * * *
You miss something.
The orc hits you from afar with a +0 trident!
* * * LOW HITPOINT WARNING * * *
Something hits you.
* * * LOW HITPOINT WARNING * * *
Unknown command.
Something hits you.
* * * LOW HITPOINT WARNING * * *
You hear some strange, mumbled words.
A puff of flame appears from out of thin air!
The puff of flame hits you!
You die...

#.....
############
#.####
.#).......# #.#
..>.....:# #.#
#........# #.#
#oh).....# #.#
#{# #.# #.# #.#
#@###########.#
#.............#
#.#############
#.# #.# #.# #.#
#.# #.


You could see a hound and an orc.

Vanquished Creatures
  A centaur (D:5)
  A scorpion (D:4)
  A jelly (D:5)
  An orc priest (D:3)
  Terence (D:3)
  An orc wizard (D:3)
  Robin (D:3)
  A gnoll (D:3)
  3 adders
  A white imp (D:3)
  A worm (D:3)
  3 dart slugs
  16 orcs
  6 bats
  10 endoplasms
  4 giant cockroaches
  14 goblins
  9 hobgoblins
  4 jackals (D:1)
  2 quokkas (D:1)
  8 ball pythons
  3 frilled lizards
  11 kobolds
  2 rats
105 creatures vanquished.

Notes
Turn   | Place    | Note
-------+----------+-------------------------------------------
     0 | D:1      | browni3141 the Ogre Warper began the quest for the Orb.
     0 | D:1      | Reached XP level 1. HP: 22/22 MP: 3/3
    81 | D:1      | Reached skill level 3 in Fighting
   108 | D:1      | Reached XP level 2. HP: 16/31 MP: 5/5
   368 | D:1      | Identified a scroll of acquirement
   368 | D:1      | Acquired a +2 shortbow of freezing
   417 | D:1      | Found a faded altar of an unknown god.
   899 | D:2      | Reached XP level 3. HP: 39/39 MP: 6/6
   955 | D:2      | Reached skill level 4 in Fighting
  1326 | D:3      | Noticed Robin
  1338 | D:3      | Killed Robin
  1339 | D:3      | Reached XP level 4. HP: 45/49 MP: 7/7
  1377 | D:3      | Reached skill level 5 in Fighting
  1451 | D:3      | Reached skill level 3 in Maces & Flails
  1451 | D:3      | Reached XP level 5. HP: 35/59 MP: 8/8
  1802 | D:3      | Found a snail-covered altar of Cheibriados.
  1834 | D:3      | Noticed Terence
  1845 | D:3      | Killed Terence
  1846 | D:3      | Reached skill level 6 in Fighting
  2325 | D:4      | Acquired the +1 cloak of the Doldrums {rPois}
  2381 | D:4      | Reached XP level 6. HP: 68/68 MP: 9/9
  2440 | D:4      | Reached skill level 7 in Fighting
  3035 | D:5      | Entered Level 5 of the Dungeon
  3093 | D:5      | Reached XP level 7. HP: 48/79 MP: 10/10
  3099 | D:5      | HP: 3/79 [something (2)]
  3099 | D:5      | Killed from afar by an orc wizard

Illustrated notes

Levels and vault maps discovered:
D:1:      nzn_arrival_crosshair, layout_basic,
          chequers_ecumenical_altar_simple_redux, minmay_pentomino_o2
D:2:      layout_rooms, chequers_serial_rivers_small_a
D:3:      layout_basic, mainiacjoe_overflow_cross_hatched,
          minmay_joined_circles, uniq_robin, uniq_terence
D:4:      layout_gridville
D:5:      layout_basic, uniq_crazy_yiuf_cottage, uniq_eustachio

Skill      XL: |  1  2  3  4  5  6 |
---------------+-------------------+-----
Fighting       | 3 4 5 6 7 |  7.9
Maces & Flails | 2 3 |  3.9
Throwing       | |  1.1
Dodging        | |  2.1
Spellcasting   | |  2.4
Translocations | |  2.7

Action                     |  1- 3 |  4- 6 |  7- 9 || total
---------------------------+-------+-------+-------++-------
  Melee: Mace              |    36 |       |       ||    36
         Punch             |     1 |       |       ||     1
         Demon whip        |       |   157 |     4 ||   161
         Shortbow          |       |     2 |       ||     2
   Fire: Shortbow          |    58 |    37 |       ||    95
    Use: Scroll            |     4 |     1 |       ||     5
   Stab: Sleeping          |       |     1 |       ||     1
 Armour: Robe              |    21 |    86 |       ||   107
  Dodge: Dodged            |    39 |    97 |     1 ||   137
